 Dungeon Crawl Stone Soup version 0.26-a0-639-g72c4674329 (webtiles) character file.

Game seed: 1912022478369610769

2894 Ijustatesigmund the Slinger (level 10, -4/71 HPs)
             Began as a Halfling Hunter on Sept 17, 2020.
             Was a Follower of Cheibriados.
             Slain by a wolf (9 damage)
             ... led by Grum
             ... on level 8 of the Dungeon.
             The game lasted 00:17:32 (8781 turns).

Ijustatesigmund the Slinger (Halfling Hunter)       Turns: 8781, Time: 00:17:33

Health: -4/71      AC:  7    Str: 16    XL:     10   Next: 5%
Magic:  12/12      EV: 11    Int: 14    God:    Cheibriados [*.....]
Gold:   336        SH:  0    Dex: 17    Spells: 9/9 levels left

rFire    + . .     SeeInvis .   a - +2 hunting sling
rCold    . . .     Faith    .   (shield restricted)
rNeg     . . .     Spirit   .   c - +0 chain mail
rPois    .         Reflect  .   (no helmet)
rElec    +         Harm     .   (no cloak)
rCorr    +         Rampage  .   (no gloves)
MR       .....                  q - +0 pair of boots "Etso" {rElec rF+ rCorr Dex-3}
Stlth    ..........             (no amulet)
HPRegen  0.21/turn              p - ring of wizardry
MPRegen  0.13/turn              (no ring)

@: very slow
A: small, deformed body, mutation resistance 1
a: Bend Time, Renounce Religion


You were on level 8 of the Dungeon.
You worshipped Cheibriados.
Cheibriados was aware of your devotion.
You visited 2 branches of the dungeon, and saw 10 of its levels.
You also visited: Sewer.

You collected 336 gold pieces.

Inventory:

Hand Weapons
 a - a +2 hunting sling (weapon)
 b - a +0 rapier
Missiles
 d - 64 sling bullets (quivered)
 g - 330 stones
Armour
 c - a +0 chain mail (worn)
 q - the +0 pair of boots "Etso" (worn) {rElec rF+ rCorr Dex-3}
   (You found it on level 4 of the Dungeon)

   It affects your dexterity (-3).
   It protects you from fire.
   It insulates you from electricity.
   It provides partial protection from all sources of acid and corrosion.
Jewellery
 p - a ring of wizardry (left hand)
Wands
 m - a wand of paralysis (6)
 B - a wand of flame (10)
Scrolls
 h - 2 scrolls of fog
 j - 5 scrolls of teleportation
 k - a scroll of immolation
 l - a scroll of identify
 n - 3 scrolls of remove curse
 s - 2 scrolls of blinking
 v - a scroll of fear
 y - a scroll of enchant armour
Potions
 e - 2 potions of stabbing
 f - 3 potions of cancellation
 i - a potion of ambrosia {unknown}
 o - 3 potions of curing
 r - 3 potions of heal wounds
 t - a potion of invisibility
 u - 2 potions of magic
 w - 2 potions of lignification
 x - 3 potions of flight
 z - 2 potions of might {unknown}
 A - a potion of brilliance {unknown}


   Skills:
 + Level 7.1 Fighting
 + Level 11.9 Slings
 - Level 5.8 Armour
 + Level 4.7 Dodging
 - Level 1.1 Stealth
 + Level 3.9 Invocations


You had 9 spell levels left.
You didn't know any spells.
Your spell library contained the following spells:

 Spells                   Type           Power        Failure   Level
 Corona                   Hex            #......      82%         1
 Foxfire                  Conj/Fire      #...         82%         1
 Ensorcelled Hibernation  Hex/Ice        #.....       91%         2
 Confusing Touch          Hex            #.......     99%         3
 Conjure Flame            Conj/Fire      #.......     99%         3
 Dazzling Flash           Conj/Hex       #.....       99%         3
 Inner Flame              Hex/Fire       #.......     99%         3
 Tukima's Dance           Hex            #.......     99%         3
 Sticky Flame             Conj/Fire      #.......     100%        4
 Fireball                 Conj/Fire      #.........   100%        5


Dungeon Overview and Level Annotations

Branches:
Dungeon (9/15)             Temple (1/1) D:4            Lair (0/6) D:8
  Sewer (visited)
    Orc: D:9-12

Altars:
Ashenzari
Cheibriados
Dithmenos
Elyvilon
Fedhas
Hepliaklqana
Kikubaaqudgha
Makhleb
Nemelex Xobeh
Okawaru
Ru
Sif Muna
Trog
Uskayaw
Vehumet
Wu Jian
Zin
The Shining One

Shops:
D:8 (

Annotations:
D:8 Grum


Innate Abilities, Weirdness & Mutations

You are small and have problems with some larger weapons.
You are somewhat resistant to further mutation.
Armour fits poorly on your strangely shaped body.


Message History

You are too injured to fight recklessly!
You are too injured to fight recklessly!
You are too injured to fight recklessly!
You are too injured to fight recklessly!
You are too injured to fight recklessly!
You are too injured to fight recklessly!
You are too injured to fight recklessly!
You are too injured to fight recklessly!
You are too injured to fight recklessly!
You are too injured to fight recklessly!
You are too injured to fight recklessly!
The wolf misses you. The wolf barely misses you. Grum closely misses you.
The wolf bites you!
* * * LOW HITPOINT WARNING * * *
The wolf bites you.
* * * LOW HITPOINT WARNING * * *
The wolf bites you!
* * * LOW HITPOINT WARNING * * *
The wolf bites you!
You die...

#...#### ### ### #...#..##
#.####.# #.......#######.#..#.###
##....####.............#
##......##)......##...###
........##........##.###########
............#.##.###....#..##..##
...#........#.##..###...........#
#..#....###.#..#@.#...##.#......#
#.##.#..........hh...###.#.....##
.##≈≈≈≈≈....#.#.#g.........###.#
...≈###≈..#####.(...........##.##
...≈≈≈≈≈...#..#....#............#
...≈≈#≈≈............##........#..
...≈≈#≈≈......#.#...#.........#..
...≈≈#≈≈.....####...........#.##.
...≈≈≈≈≈......###.........#....#.


You could see Grum and 2 wolves.

Vanquished Creatures
  A komodo dragon (D:8)
  A hippogriff (D:7)
  Edmund (D:4)
  3 sky beasts
  An ice beast (D:6)
  A black bear (D:7)
  An orc warrior (D:8)
  3 ogres
  A centaur (D:7)
  A bullfrog (D:7)
  3 big kobolds (Sewer)
  A wyvern zombie (D:6)
  4 scorpions
  3 wights
  A centaur zombie (D:7)
  An orc priest (D:6)
  A bullfrog skeleton (D:8)
  2 hounds
  2 centaur skeletons
  An iguana (D:7)
  4 worker ants
  A killer bee zombie (D:6)
  A hound zombie (D:5)
  2 hound skeletons
  4 gnolls (D:4)
  A howler monkey skeleton (D:8)
  A worker ant zombie (D:6)
  15 adders
  6 river rats (Sewer)
  3 shadow imps
  A white imp (D:6)
  An ufetubus (D:6)
  2 oozes
  An adder skeleton (D:6)
  An adder zombie (D:6)
  5 worms
  A dart slug (D:4)
  5 leopard geckos
  11 orcs
  6 giant cockroaches
  8 goblins
  5 hobgoblins
  14 jackals
  19 kobolds
  3 quokkas
  6 ball pythons (Sewer)
  10 bats
  7 frilled lizards
  2 jackal skeletons (D:4)
  28 rats
207 creatures vanquished.

Vanquished Creatures (others)
  5 plants (D:8)
5 creatures vanquished.

Grand Total: 212 creatures vanquished

Notes
Turn   | Place    | Note
-------+----------+-------------------------------------------
     0 | D:1      | Ijustatesigmund the Halfling Hunter began the quest for the
                  | Orb.
     0 | D:1      | Reached XP level 1. HP: 14/14 MP: 1/1
   157 | D:1      | Reached skill level 6 in Slings
   169 | D:1      | Reached XP level 2. HP: 19/19 MP: 2/2
   388 | D:1      | Reached XP level 3. HP: 25/25 MP: 3/3
   981 | D:2      | Reached XP level 4. HP: 30/30 MP: 4/4
  1084 | D:2      | Reached skill level 7 in Slings
  1201 | D:2      | Found a shattered altar of Ashenzari.
  1543 | D:3      | Reached XP level 5. HP: 36/36 MP: 5/5
  1683 | D:3      | Noticed an ogre
  1696 | D:3      | Killed an ogre
  1696 | D:3      | Reached skill level 1 in Armour
  1696 | D:3      | Reached XP level 6. HP: 43/43 MP: 6/6
  1727 | D:3      | Found a hazy altar of Hepliaklqana.
  1727 | D:3      | Found a sparkling altar of Nemelex Xobeh.
  1797 | D:3      | Found a blossoming altar of Fedhas.
  1799 | D:3      | Found a glowing silver altar of Zin.
  1800 | D:3      | Found an ornate altar of the Wu Jian Council.
  1893 | D:3      | Reached skill level 8 in Slings
  2583 | D:4      | Noticed an ogre
  2591 | D:4      | Killed an ogre
  2591 | D:4      | Reached XP level 7. HP: 48/48 MP: 7/7
  2834 | D:4      | Got a pair of ichor-stained boots
  2840 | D:4      | Identified the +0 pair of boots "Etso" {rElec rF+ rCorr
                  | Dex-3} (You found it on level 4 of the Dungeon)
  2873 | D:4      | Found a staircase to the Ecumenical Temple.
  3096 | D:4      | Gained mutation: Armour fits poorly on your strangely
                  | shaped body. [potion of mutation]
  3110 | D:4      | Noticed Edmund
  3129 | D:4      | Killed Edmund
  3129 | D:4      | Reached skill level 9 in Slings
  3314 | D:5      | Entered Level 5 of the Dungeon
  3405 | D:5      | Found a shadowy altar of Dithmenos.
  3499 | D:5      | Found a glowing drain.
  3520 | Sewer    | Entered a sewer
  3685 | Sewer    | Reached skill level 5 in Fighting
  3685 | Sewer    | Reached XP level 8. HP: 55/55 MP: 8/8
  4579 | D:6      | Reached skill level 10 in Slings
  4582 | D:6      | Reached skill level 5 in Armour
  5229 | D:6      | Found a sacrificial altar of Ru.
  5590 | D:6      | Reached XP level 9. HP: 60/62 MP: 9/9
  6172 | Temple   | Entered the Ecumenical Temple
  6209 | Temple   | Became a worshipper of Cheibriados the Contemplative
  6543 | D:7      | Reached skill level 1 in Invocations
  6582 | D:7      | Reached skill level 11 in Slings
  7009 | D:7      | Found a glowing golden altar of the Shining One.
  7151 | D:7      | Reached * piety under Cheibriados
  7315 | D:7      | Noticed a hippogriff
  7326 | D:7      | Killed a hippogriff
  7958 | D:8      | Found Meybekes's Weapon Shoppe.
  8039 | D:8      | Found a staircase to the Lair.
  8040 | D:8      | Noticed a komodo dragon
  8069 | D:8      | Killed a komodo dragon
  8413 | D:8      | Reached XP level 10. HP: 71/71 MP: 12/12
  8770 | D:9      | Noticed Grum
  8781 | D:8      | Slain by a wolf

Illustrated notes

Levels and vault maps discovered:
D:1:      dpeg_arrival_three_bigger_balls, layout_basic
D:2:      layout_rooms, ashenzari_altar_1
D:3:      layout_rooms, chequers_temple_overflow_minitemple
D:4:      layout_gridville, minmay_temple_entry_sparse_star, uniq_edmund
D:5:      layout_cave_pools, cheibrodos_sewer_entry_bend,
          grunt_dithmenos_smoke_and_mirrors
D:6:      layout_cave_pods, nicolae_ru_awakened_eye
D:7:      layout_basic, overflow_temple_1_default
D:8:      layout_cave_pools, david_lair_shrubbed, serial_shops, shop,
          minmay_crystal_water
D:9:      layout_irregular_city, grunt_qazlal_clouds, uniq_grum
Temple:   regret_index_temple_waves

Skill      XL: |  1  2  3  4  5  6  7  8  9 |
---------------+----------------------------+-----
Slings         | 6 7 8 9 10 11 | 11.9
Fighting       | 2 3 4 5 6 7 |  7.1
Armour         | 1 2 4 5 |  5.8
Invocations    | 3 |  3.9
Dodging        | 4 |  4.7
Stealth        | |  1.1

Action                   |  1- 3 |  4- 6 |  7- 9 | 10-12 || total
-------------------------+-------+-------+-------+-------++-------
Melee: Short sword       |       |       |    32 |       ||    32
 Fire: Hunting sling     |    91 |   141 |   490 |    41 ||   763
  Use: Scroll            |     5 |     3 |    13 |       ||    21
       Potion            |       |     1 |     8 |       ||     9
Armor: Leather armour    |     5 |       |       |       ||     5
       Chain mail        |       |    10 |    75 |     5 ||    90
Dodge: Dodged            |    23 |    15 |    72 |    15 ||   125

Table legend: (Time is in decaauts)
 A = Elapsed time spent in this place.
 B = Non-inter-level travel time spent in this place.
 C = Inter-level travel time spent in this place.
 D = Time resting spent in this place.
 E = Time spent auto-exploring this place.
 F = Levels seen in this place.
 G = Mean time per level.
                   A        B        C        D        E       F      G
               +--------+--------+--------+--------+--------+-----+--------+
         Total |   9056 |   8743 |    313 |   1705 |   5705 |  11 |  823.3 |
       Dungeon |   8324 |   8046 |    278 |   1705 |   5238 |   9 |  924.9 |
        Temple |     71 |     37 |     34 |      0 |     32 |   1 |   71.0 |
         Sewer |    660 |    660 |      0 |      0 |    435 |   1 |  660.0 |
               +--------+--------+--------+--------+--------+-----+--------+

Top non-repeatable levels by time:
     D:7: 1544 daAuts
     D:6: 1362 daAuts
     D:8: 1083 daAuts
     D:5: 1051 daAuts
     D:4: 974 daAuts
     D:1: 877 daAuts
     D:3: 815 daAuts
   Sewer: 660 daAuts
     D:2: 612 daAuts
  Temple: 71 daAuts
     D:9: 1 daAuts
